ITL
BLUEVILLE 83'S @ ALLENTOWN HILLBILLIES
08/20/2026
 
TOP OF THE 1ST
Blueville 83's batting - Pitching for Allentown Hillbillies : RHP Okura Oike
Pitching: RHP Okura Oike
Batting: RHB Earl Conrad 0-0: Ball
1-0: Ball
2-0: Foul Ball, location: 2F
2-1: Swinging Strike
2-2: Foul Ball, location: 2F
2-2: Ball
3-2: Base on Balls
Batting: RHB Juan Costello 0-0: Ball
1-0: Ball
2-0: Swinging Strike
2-1: 2-RUN HOME RUN (Flyball, 7D), Distance : 379 ft
Batting: RHB Gernot Renner 0-0: Ball
1-0: SINGLE (Groundball, 56D)
Batting: RHB Bryce Hester 0-0: Fly out, F9 (Flyball, 9M)
Batting: RHB Matt Perkins 0-0: Foul Ball, location: 2F
0-1: Ball
1-1: Ball
2-1: Ball
3-1: Foul Ball, location: 2F
3-2: Grounds into double play, 1-4-3 (Groundball, 13S)
Top of the 1st over - 2 run(s), 2 hit(s), 0 error(s), 0 left on base; Blueville 2 - Allentown 0
BOTTOM OF THE 1ST
Allentown Hillbillies batting - Pitching for Blueville 83's : LHP Carlos Thomas
Pitching: LHP Carlos Thomas
Batting: RHB Gustavo Ortíz 0-0: Ground out 4-3 (Groundball, 4)
Batting: RHB Bartolo López 0-0: Hit by Pitch
Batting: SHB Oliver Deleón 0-0: Ball
1-0: Called Strike
1-1: Foul Ball, location: 2F
1-2: Foul Ball, location: 2F
1-2: Ball
2-2: SINGLE (Flyball, 9S)
Bartolo López to second
Runner from 2nd tries for 3rd, SAFE, no throw or cutoff
Batting: LHB Miguel Colón 0-0: Ball
1-0: Ball
2-0: Ball
3-0: Base on Balls
Oliver Deleón to second
Batting: RHB Millard Stark 0-0: Ball
1-0: Foul Ball, location: 2F
1-1: Ball
2-1: Grounds into fielders choice 1-2 (Groundball, 25)
Oliver Deleón to third
Miguel Colón to second
Batting: RHB Diego Rivera 0-0: Ball
1-0: DOUBLE (Flyball, 78D)
Oliver Deleón scores
Miguel Colón scores
Millard Stark to third
Batting: SHB Toshinobu Tanaka 0-0: Called Strike
0-1: Ball
1-1: Ball
2-1: Ball
3-1: Called Strike
3-2: Fly out, F9 (Flyball, 9M)
Bottom of the 1st over - 2 run(s), 2 hit(s), 0 error(s), 2 left on base; Blueville 2 - Allentown 2
TOP OF THE 2ND
Blueville 83's batting - Pitching for Allentown Hillbillies : RHP Okura Oike
Batting: LHB Júlio Velásquez 0-0: SINGLE (Line Drive, 4MD)
Batting: RHB Kuniaki Kawashima 0-0: Called Strike
0-1: Ball
1-1: Ball
2-1: Grounds into double play, 4-6-3 (Groundball, 4)
Batting: LHB Cristóbal Cintrón 0-0: Ball
1-0: Called Strike
1-1: Ball
2-1: Foul Ball, location: 2F
2-2: Ball
3-2: Ground out 5-3 (Groundball, 56S)
Top of the 2nd over - 0 run(s), 1 hit(s), 0 error(s), 0 left on base; Blueville 2 - Allentown 2
BOTTOM OF THE 2ND
Allentown Hillbillies batting - Pitching for Blueville 83's : LHP Carlos Thomas
Batting: SHB Juan Acevado 0-0: DOUBLE (Flyball, 9S)
Batting: RHB Joel Jackson 0-0: Called Strike
0-1: Ball
1-1: Ball
2-1: Called Strike
2-2: Foul Ball, location: 2F
2-2: Ball
3-2: Hit by Pitch
Batting: RHB Gustavo Ortíz 0-0: Ground out 4-3 (Groundball, 4M)
Juan Acevado to third
Joel Jackson to second
Batting: RHB Bartolo López 0-0: Called Strike
0-1: Ball
Wild Pitch!
Juan Acevado scores
Joel Jackson to third
1-1: Ball
2-1: Ball
3-1: Base on Balls
Batting: SHB Oliver Deleón 0-0: Ball
1-0: Ball
2-0: Foul Ball, location: 2F
2-1: Ball
3-1: Base on Balls
Bartolo López to second
Batting: LHB Miguel Colón 0-0: Ball
1-0: Foul Ball, location: 2F
1-1: Called Strike
1-2: Ball
2-2: SINGLE (Groundball, 34D) (infield hit)
Joel Jackson scores
Bartolo López to third
Oliver Deleón to second
Batting: RHB Millard Stark 0-0: Called Strike
0-1: Ground out 3-1 (Groundball, 34)
Bartolo López scores
Oliver Deleón to third
Miguel Colón to second
Batting: RHB Diego Rivera 0-0: Ball
1-0: Called Strike
1-1: Fly out, F8 (Line Drive, 8RS)
Bottom of the 2nd over - 3 run(s), 2 hit(s), 0 error(s), 2 left on base; Blueville 2 - Allentown 5
TOP OF THE 3RD
Blueville 83's batting - Pitching for Allentown Hillbillies : RHP Okura Oike
Batting: LHB Robbie McLaughlin 0-0: Ball
1-0: Called Strike
1-1: Ball
2-1: Ball
3-1: Base on Balls
Batting: RHB Earl Conrad 0-0: Ball
1-0: Ball
2-0: SINGLE (Line Drive, 56)
Robbie McLaughlin to second
Batting: RHB Juan Costello 0-0: Ball
1-0: Fly out, F7 (Flyball, 7M)
Batting: RHB Gernot Renner 0-0: Swinging Strike
0-1: Ball
1-1: Swinging Strike
1-2: Strikes out swinging
Batting: RHB Bryce Hester 0-0: Ball
1-0: Foul Ball, location: 2F
1-1: Ground out 6-3 (Groundball, 6S)
Top of the 3rd over - 0 run(s), 1 hit(s), 0 error(s), 2 left on base; Blueville 2 - Allentown 5
BOTTOM OF THE 3RD
Allentown Hillbillies batting - Pitching for Blueville 83's : LHP Carlos Thomas
Batting: SHB Toshinobu Tanaka 0-0: Called Strike
0-1: Fly out, F8 (Flyball, 8RD)
Batting: SHB Juan Acevado 0-0: Ball
1-0: Fly out, F9 (Flyball, 9LM)
Batting: RHB Joel Jackson 0-0: Foul Ball, location: 2F
0-1: SOLO HOME RUN (Flyball, 78XD), Distance : 396 ft
Batting: RHB Gustavo Ortíz 0-0: Ball
1-0: Called Strike
1-1: Ball
2-1: Ground out 4-3 (Groundball, 4M)
Bottom of the 3rd over - 1 run(s), 1 hit(s), 0 error(s), 0 left on base; Blueville 2 - Allentown 6
TOP OF THE 4TH
Blueville 83's batting - Pitching for Allentown Hillbillies : RHP Okura Oike
Batting: RHB Matt Perkins 0-0: Ball
1-0: Foul Ball, location: 2F
1-1: Swinging Strike
1-2: Foul Ball, location: 2F
1-2: Foul Ball, location: 2F
1-2: Ball
2-2: Ball
3-2: Foul Ball, location: 2F
3-2: Foul Ball, location: 2F
3-2: Foul Ball, location: 2F
3-2: Fly out, F8 (Line Drive, 8LM)
Batting: LHB Júlio Velásquez 0-0: Swinging Strike
0-1: Swinging Strike
0-2: Foul Ball, location: 2F
0-2: Ball
1-2: Ball
2-2: Ground out 6-3 (Groundball, 6)
Batting: RHB Kuniaki Kawashima 0-0: Ground out 4-3 (Groundball, 4)
Top of the 4th over - 0 run(s), 0 hit(s), 0 error(s), 0 left on base; Blueville 2 - Allentown 6
BOTTOM OF THE 4TH
Allentown Hillbillies batting - Pitching for Blueville 83's : LHP Carlos Thomas
Batting: RHB Bartolo López 0-0: Ground out 4-3 (Groundball, 4M)
Batting: SHB Oliver Deleón 0-0: Called Strike
0-1: SINGLE (Groundball, 56D)
Batting: LHB Miguel Colón 0-0: Foul Ball, location: 2F
0-1: Ball
1-1: Foul Ball, location: 2F
1-2: Ball
2-2: DOUBLE (Line Drive, 89D)
Oliver Deleón to third
Pitching: RHP Michael Carr
Batting: RHB Millard Stark 0-0: Ball
1-0: DOUBLE (Groundball, 3D)
Oliver Deleón scores
Miguel Colón scores
Batting: RHB Diego Rivera 0-0: Ball
1-0: Foul Ball, location: 2F
1-1: Fly out, F7 (Flyball, 7M)
Batting: SHB Toshinobu Tanaka 0-0: Ball
1-0: Foul Ball, location: 2F
1-1: Called Strike
1-2: Strikes out swinging
Bottom of the 4th over - 2 run(s), 3 hit(s), 0 error(s), 1 left on base; Blueville 2 - Allentown 8
TOP OF THE 5TH
Blueville 83's batting - Pitching for Allentown Hillbillies : RHP Okura Oike
Batting: LHB Cristóbal Cintrón 0-0: Foul Ball, location: 2F
0-1: Swinging Strike
0-2: Ball
1-2: Ball
2-2: Strikes out looking
Batting: LHB Robbie McLaughlin 0-0: Ball
1-0: Ball
2-0: Swinging Strike
2-1: Foul Ball, location: 2F
2-2: Fly out, F4 (Line Drive, 4M)
Now at 2B: Carl Brown
Batting: RHB Earl Conrad 0-0: Foul Ball, location: 2F
0-1: Fly out, F4 (Popup, 34)
Top of the 5th over - 0 run(s), 0 hit(s), 0 error(s), 0 left on base; Blueville 2 - Allentown 8
BOTTOM OF THE 5TH
Allentown Hillbillies batting - Pitching for Blueville 83's : RHP Michael Carr
Batting: SHB Juan Acevado 0-0: Called Strike
0-1: Called Strike
0-2: Ball
1-2: Strikes out swinging
Batting: RHB Joel Jackson 0-0: Ball
1-0: Ball
2-0: Ball
3-0: Called Strike
3-1: Base on Balls
Batting: RHB Gustavo Ortíz 0-0: Called Strike
0-1: Grounds into double play, 4-6-3 (Groundball, 4)
Bottom of the 5th over - 0 run(s), 0 hit(s), 0 error(s), 0 left on base; Blueville 2 - Allentown 8
TOP OF THE 6TH
Blueville 83's batting - Pitching for Allentown Hillbillies : RHP Okura Oike
Batting: RHB Juan Costello 0-0: Called Strike
0-1: Ball
1-1: Called Strike
1-2: Foul Ball, location: 2F
1-2: Strikes out swinging
Batting: RHB Gernot Renner 0-0: Called Strike
0-1: Foul Ball, location: 2F
0-2: Ball
1-2: Foul Ball, location: 2F
1-2: Ball
2-2: Ball
3-2: Ground out 4-3 (Groundball, 4)
Batting: RHB Bryce Hester 0-0: Swinging Strike
0-1: Ball
1-1: Ball
2-1: TRIPLE (Flyball, 89M)
Batting: RHB Matt Perkins 0-0: Called Strike
0-1: Swinging Strike
0-2: Ball
1-2: Ball
2-2: Ball
3-2: Foul Ball, location: 2F
3-2: Strikes out swinging
Top of the 6th over - 0 run(s), 1 hit(s), 0 error(s), 1 left on base; Blueville 2 - Allentown 8
BOTTOM OF THE 6TH
Allentown Hillbillies batting - Pitching for Blueville 83's : RHP Michael Carr
Batting: RHB Carl Brown 0-0: Ball
1-0: Ball
2-0: Ball
3-0: Base on Balls
Batting: SHB Oliver Deleón 0-0: Foul Ball, location: 2F
0-1: Ball
1-1: SINGLE (Line Drive, 5D)
Carl Brown to second
Batting: LHB Miguel Colón 0-0: Foul Ball, location: 2F
0-1: Fly out, F6 (Popup, 6MD)
Batting: RHB Millard Stark 0-0: Swinging Strike
0-1: Called Strike
0-2: Strikes out looking
Batting: RHB Diego Rivera 0-0: SINGLE (Line Drive, 7LS)
Carl Brown to third
Oliver Deleón to second
Batting: SHB Toshinobu Tanaka 0-0: Called Strike
0-1: Fly out, F3 (Popup, 2L)
Bottom of the 6th over - 0 run(s), 2 hit(s), 0 error(s), 3 left on base; Blueville 2 - Allentown 8
TOP OF THE 7TH
Blueville 83's batting - Pitching for Allentown Hillbillies : RHP Okura Oike
Pitching: LHP Alberto Maldonado
Batting: LHB Júlio Velásquez 0-0: Ball
1-0: Called Strike
1-1: Fly out, F9 (Line Drive, 89S)
Batting: RHB Kuniaki Kawashima 0-0: Called Strike
0-1: Ball
1-1: Called Strike
1-2: Foul Ball, location: 2F
1-2: Ball
2-2: Ball
3-2: Foul Ball, location: 2F
3-2: Fly out, F3 (Line Drive, 3)
Batting: LHB Cristóbal Cintrón 0-0: Foul Ball, location: 2F
0-1: Swinging Strike
0-2: Strikes out swinging
Top of the 7th over - 0 run(s), 0 hit(s), 0 error(s), 0 left on base; Blueville 2 - Allentown 8
BOTTOM OF THE 7TH
Allentown Hillbillies batting - Pitching for Blueville 83's : RHP Michael Carr
Pitching: RHP Félix Rivera
Batting: SHB Juan Acevado 0-0: Ground out 3-1 (Groundball, 34)
Batting: RHB Joel Jackson 0-0: Ball
1-0: Foul Ball, location: 2F
1-1: Ball
2-1: SINGLE (Flyball, 8LS)
Batting: RHB Gustavo Ortíz 0-0: Called Strike
0-1: Ball
1-1: Ball
2-1: Foul Ball, location: 2F
2-2: Foul Ball, location: 2F
2-2: Ball
3-2: Foul Ball, location: 2F
3-2: Foul Ball, location: 2F
3-2: Fly out, F7 (Flyball, 7M)
Batting: RHB Carl Brown 0-0: Reached on error, E6 (Groundball, 6M)
Joel Jackson to second
Batting: SHB Oliver Deleón 0-0: Called Strike
0-1: Called Strike
0-2: Ball
1-2: Fly out, F9 (Flyball, 9D)
Bottom of the 7th over - 0 run(s), 1 hit(s), 1 error(s), 2 left on base; Blueville 2 - Allentown 8
TOP OF THE 8TH
Blueville 83's batting - Pitching for Allentown Hillbillies : LHP Alberto Maldonado
Batting: LHB Robbie McLaughlin 0-0: Foul Ball, location: 2F
0-1: Foul Ball, location: 2F
0-2: Ball
1-2: Ball
2-2: Strikes out swinging
Batting: RHB Earl Conrad 0-0: Ball
1-0: Called Strike
1-1: Swinging Strike
1-2: Ball
2-2: Strikes out swinging
Batting: RHB Juan Costello 0-0: Ball
1-0: Called Strike
1-1: Fly out, F8 (Flyball, 8LM)
Top of the 8th over - 0 run(s), 0 hit(s), 0 error(s), 0 left on base; Blueville 2 - Allentown 8
BOTTOM OF THE 8TH
Allentown Hillbillies batting - Pitching for Blueville 83's : RHP Félix Rivera
Batting: LHB Miguel Colón 0-0: SINGLE (Flyball, 8LS)
Batting: RHB Millard Stark 0-0: Ball
1-0: Grounds into double play, 6-4-3 (Groundball, 6)
Batting: RHB Diego Rivera 0-0: Called Strike
0-1: Foul Ball, location: 2F
0-2: Ball
1-2: SINGLE (Groundball, 4MS)
Batting: SHB Toshinobu Tanaka 0-0: Called Strike
0-1: Foul Ball, location: 2F
0-2: Ground out U3 (Groundball, 3)
Bottom of the 8th over - 0 run(s), 2 hit(s), 0 error(s), 1 left on base; Blueville 2 - Allentown 8
TOP OF THE 9TH
Blueville 83's batting - Pitching for Allentown Hillbillies : LHP Alberto Maldonado
Batting: RHB Gernot Renner 0-0: Ball
1-0: Called Strike
1-1: Ball
2-1: Ball
3-1: Base on Balls
Batting: RHB Bryce Hester 0-0: Ball
1-0: Called Strike
1-1: Foul Ball, location: 2F
1-2: Foul Ball, location: 2F
1-2: Grounds into double play, 4-6-3 (Groundball, 4)
Batting: RHB Matt Perkins 0-0: Ball
1-0: Called Strike
1-1: Foul Ball, location: 2F
1-2: Ball
2-2: Strikes out swinging
Top of the 9th over - 0 run(s), 0 hit(s), 0 error(s), 0 left on base; Blueville 2 - Allentown 8
Monday, December 5th, 2016 - OOTP Baseball 17.12 Build 75